[Event "Early-Titled-Tuesday-Blitz-September-12-2023"]
[Site "Chess.com"]
[Date "2023.09.12"]
[Round "6"]
[White "GlavkonVVS"]
[Black "marik_spb"]
[Result "0-1"]
[WhiteElo "2563"]
[BlackElo "2447"]
[TimeControl "180+1"]
[EndTime "9:08:36 PDT"]
[Termination "marik_spb won by resignation"]

1. c4 Nf6 2. Nc3 g6 3. Nf3 Bg7 4. d4 O-O 5. Bg5 c5 6. d5 d6 7.
e4 b5 8. cxb5 a6 9. a4 Qa5 10. Bd2 Qb4 11. Qc2 Bd7 12. bxa6 Nxa6 13. Bxa6 Rxa6 14. O-O Rb8 15. Bc1 Rba8 16. e5 Ng4 17. exd6 exd6 18. h3 Ne5 19. Nxe5 Bxe5 20.
Bh6 Qh4 21. Qd2 Bxh3 22. gxh3 Qxh3 23. Bf4 Qg4+ 24. Bg3 Bxg3 25. fxg3 Qxg3+ 26. Qg2 Qe3+ 27. Qf2 Qg5+ 28. Qg2 Qe3+ 29. Kh1 Rb6 30. Rf3 Qh6+ 31. Kg1 Rb4 32. Raf1 Ra7 33. Nb5 Rd7 34. b3 Qh5 35. Rf4 Rxb3 36. Nxd6 Rxd6 37. Rxf7 Rb8 38. a5 Rxd5 39.
R7f3 Rg5 40. Rg3 Rxg3 41. Qxg3 Rc8 42. a6 c4 43. a7 Qc5+ 44. Qf2 Qxf2+ 45. Rxf2 Ra8 46.
Ra2 Kf7 47. Kf2 Ke6 48. Ke3 Kd5 49. Ra5+ Kc6 50. Kd4 Kb6 51. Re5 Rxa7 52. Kxc4 Ra4+ 53. Kd3 Kc6 54. Re7 Rh4 55. Ke3 Kd6 56. Ra7 Ke5 57.
Kf3 Kf5 58. Kg3 Rh1 59. Ra5+ Kf6 60. Ra6+ Kg5 61. Ra5+ Kh6 62. Kg2 Rh5 63. Ra7 Rd5 64. Kg3 g5 65. Ra6+ Kh5 66. Ra7 Rd3+ 67. Kf2 h6 68.
Ra6 g4 69. Kg2 Kg5 70. Ra5+ Kh4 71. Ra6 Rd2+ 72. Kf1 h5 73. Ra5 g3 74. Kg1 Kg4 75. Rb5 h4 76. Ra5 Kh3 77. Ra1 Rg2+ 78. Kh1 Re2 79. Kg1 Kg4 80. Ra4+ Kh3 81. Ra1 Kg4 82. Ra4+ Kf3 83. Ra3+ Re3 84. Ra1 h3 85. Kh1 Ke2 86.
Ra2+ Kf3 87. Ra1 Re2 88. Ra3+ Kf2 89. Ra2 g2+ 90. Kh2 g1=Q+ 0-1

[Event "Early-Titled-Tuesday-Blitz-September-12-2023"]
[Site "Chess.com"]
[Date "2023.09.12"]
[Round "6"]
[White "MITerryble"]
[Black "amintabatabaei"]
[Result "1/2-1/2"]
[WhiteElo "2943"]
[BlackElo "3049"]
[TimeControl "180+1"]
[EndTime "9:09:05 PDT"]
[Termination "Game drawn by repetition"]

1. d4 Nf6 2. Nf3 d5 3. c4 e6 4. Nc3 Nbd7 5. Bf4 Bb4 6. e3 c5 7. Be2 Ne4 8. Qc2 Qa5 9. Rc1 Qxa2 10. O-O Bxc3 11. bxc3 Qxc2 12. Rxc2 dxc4 13. Bxc4 O-O 14. Bd3 Nef6 15. Bd6 Rd8 16. Be7 Re8 17. Bd6 b6 18.
Ra1 Bb7 19. Rca2 a5 20. Rb2 cxd4 21. cxd4 Rec8 22. h3 h6 23. Nd2 Rc3 24. Bb5 Rac8 25. e4 Rc2 26. Raa2 Rxb2 27. Rxb2 Rc1+ 28. Kh2 Bc6 29. f3 Bxb5 30. Rxb5 Rc2 31. Nb1 Ne8 32.
Bf4 g5 33. Bg3 Nc7 34. Rb3 Na6 35. Na3 Rd2 36. Nc4 Rxd4 37. Nxb6 Nac5 38. Rb1 Rb4 39.
Nxd7 Rxb1 40. Nxc5 Rb5 41. Bd6 Rb4 42. Nd7 Rd4 43.
Nf6+ Kg7 44. Be5 Rd1 45. h4 a4 46. h5 a3 47. Ng4+ Kf8 48. Nxh6 a2 49. Ng4 a1=Q 50. Bxa1 Rxa1 51. e5 Kg7 52. g3 Ra2+ 53. Kh3 Re2 54. f4 gxf4 55. gxf4 Re1 56. Kg3 Rh1 57. Nf6 Kh6 58. Kg4 Rg1+ 59. Kh4 Rh1+ 60. Kg4 Ra1 61. Ng8+ Kg7 62. Nf6 Ra2 63. Kg5 Rg2+ 64. Ng4 Rg1 65.
Kh4 Rf1 66. Kg5 Rf3 67. Nf6 Rf2 68. Ne8+ Kf8 69. Nf6 Rh2 70. Nd7+ Kg8 71. Nf6+ Kg7 72. Ne8+ Kh8 73. Nf6 Rh1 74. Kg4 Rg1+ 75. Kh4 Kg7 76. Ng4 Kf8 77. Nf6 Ke7 78. h6 Kf8 79. Nd7+ Kg8 80.
Nf6+ Kh8 81. Kh5 Rg2 82. Kh4 Rg1 83. Kh5 Rg6 84. Ne4 Rg8 85. Ng5 Rf8 86. Ne4 Ra8 87.
Nf6 Ra2 88. Kg5 Rg2+ 89. Kh5 Rf2 90. Kg5 Rf1 91. Kg4 Rh1 92. Kg5 Rh3 93. Nh5 Kg8 94.
Nf6+ Kf8 95. Nd7+ Ke7 96. Nf6 Rh1 97. h7 Kf8 98. Nh5 Rxh5+ 99. Kxh5 Kg7 100. Kg5 Kxh7 101. Kf6 Kg8 102. Ke7 Kg7 103. Ke8 Kg8 104. Ke7 Kg7 105. Ke8 Kg8 106. Ke7 1/2-1/2

[Event "Early-Titled-Tuesday-Blitz-September-12-2023"]
[Site "Chess.com"]
[Date "2023.09.12"]
[Round "6"]
[White "PapiPapita"]
[Black "the_chess_child"]
[Result "1-0"]
[WhiteElo "2590"]
[BlackElo "2888"]
[TimeControl "180+1"]
[EndTime "9:10:32 PDT"]
[Termination "PapiPapita won by checkmate"]

1. d4 Nf6 2. Bf4 g6 3. e3 Bg7 4. h3 O-O 5. Nf3 d6 6. Be2 Nbd7 7. O-O b6 8. a4 a5 9. Bh2 Bb7 10. Na3 Ne4 11. c3 e5 12. Bb5 Ng5 13. Nxg5 Qxg5 14.
Qg4 Qxg4 15. hxg4 Nf6 16. f3 e4 17. Kf2 h5 18. gxh5 Nxh5 19. g4 Nf6 20. g5 Nh5 21.
f4 Bh8 22. Be2 Ng7 23. Nb5 Rac8 24. Bg4 Nf5 25. Rad1 Bd5 26. Rd2 Rfd8 27. Rc1 Bb3 28. Ra1 c6 29. Na3 Be6 30. Rg1 Rb8 31. Be2 Bg7 32.
Nc4 Bf8 33. Bg3 Kg7 34. Rh1 Be7 35. Rdd1 Rdc8 36. Rh2 Rh8 37. Rdh1 Rxh2+ 38. Rxh2 Bd8 39. Rh1 b5 40. axb5 cxb5 41. Nd2 d5 42. Ra1 Nd6 43.
f5 Bxf5 44. Be5+ Kg8 45. Rh1 f6 46. Bxd6 Rb6 47. Bc5 Rb7 48. gxf6 Bxf6 49. Nf1 a4 50. Ng3 Be6 51. Kg2 Kg7 52. Nf1 Bd7 53. Kg3 Bd8 54.
Bg4 Be8 55. Nd2 Bc6 56. Kf2 Rf7+ 57. Ke2 Rb7 58. Bd6 Bf6 59. Bb4 Rf7 60. Nf1 Bg5 61. Ng3 Bd8 62. Rf1 Bc7 63. Rxf7+ Kxf7 64. Kf2 Kf6 65. Ne2 g5 66. Ng3 Kg6 67. Bf5+ Kf6 68. Bg4 Be8 69. Nh5+ Kg6 70. Ng3 Bc6 71. Ne2 Kf6 72.
Ng1 Be8 73. Kg2 Bc6 74. Nh3 Be8 75. Bc5 Bc6 76. Bf8 Be8 77. Bh6 Kg6 78. Bxg5 Bd6 79. Bf4 Be7 80. Kg3 a3 81. bxa3 Bxa3 82. Be6 Bb2 83.
Bxd5 Bxc3 84. Bxe4+ Kf6 85. Kf3 b4 86. Be5+ Ke7 87. Nf4 Bd2 88. Ke2 Bc1 89. Bd5 Ba4 90. Bc4 b3 91. Nd5+ Kd8 92. Nc3 b2 93. Bd3 Bb3 94. Nb1 Kd7 95. Bg3 Ba2 96. Bf2 Be6 97. Kd1 Bg4+ 98. Kc2 Kd6 99. e4 Bd7 100. Nc3 Be6 101.
e5+ Kc6 102. Be4+ Kc7 103. d5 Bg4 104. Bg3 Kd7 105. e6+ Ke7 106. Bd3 Bf3 107. Kb1 Bxd5 108. Nxd5+ Kxe6 109. Nc3 Kf6 110. Na4 Kg5 111. Nxb2 Be3 112. Be1 Kg4 113. Kc2 Ba7 114. Kd1 Kf3 115. Nc4 Kf4 116. Ke2 Kg5 117. Bd2+ Kf6 118. Kf3 Ke6 119. Bc3 Kd5 120. Ne3+ Kc5 121. Ke4 Bb8 122. Bd4+ Kb4 123. Nd5+ Ka5 124. Bc4 Ka4 125. Bc5 Bh2 126. Kd3 Ka5 127. Kc2 Ka4 128. Nb6+ Ka5 129. Nd5 Be5 130. Kb1 Ka4 131. Ka2 Bb8 132. Nb6+ Ka5 133. Nd7 Bc7 134. Kb3 Bd6 135. Bd4 Bb4 136. Bb6# 1-0

[Event "Early-Titled-Tuesday-Blitz-September-12-2023"]
[Site "Chess.com"]
[Date "2023.09.12"]
[Round "7"]
[White "Masterbeaterr"]
[Black "ozates"]
[Result "0-1"]
[WhiteElo "2402"]
[BlackElo "2558"]
[TimeControl "180+1"]
[EndTime "9:12:25 PDT"]
[Termination "ozates won by resignation"]

1. d4 Nf6 2. c4 e6 3. Nf3 d5 4.
Nc3 dxc4 5. a4 c5 6. e3 Nc6 7.
Bxc4 Be7 8. O-O O-O 9. dxc5 Bxc5 10. Be2 b6 11. Qxd8 Rxd8 12. Rd1 Bb7 13. Bd2 Nb4 14. Be1 h6 15. Rxd8+ Rxd8 16. Rd1 Rxd1 17. Bxd1 Nd3 18. b3 Nxe1 19. Nxe1 Bb4 0-1

[Event "Early-Titled-Tuesday-Blitz-September-12-2023"]
[Site "Chess.com"]
[Date "2023.09.12"]
[Round "7"]
[White "Sjakkerntobi"]
[Black "Eagle_2019"]
[Result "0-1"]
[WhiteElo "2535"]
[BlackElo "2687"]
[TimeControl "180+1"]
[EndTime "9:12:57 PDT"]
[Termination "Eagle_2019 won by resignation"]

1. e4 c5 2. Nf3 e6 3. d4 cxd4 4. Nxd4 Nf6 5. Nc3 Nc6 6. a3 Be7 7. f4 O-O 8. e5 Nd5 9. Nxd5 exd5 10. Nf5 d6 11. Nxd6 Bxd6 12. exd6 Re8+ 13. Be2 Bg4 0-1

[Event "Early-Titled-Tuesday-Blitz-September-12-2023"]
[Site "Chess.com"]
[Date "2023.09.12"]
[Round "7"]
[White "jeetjain"]
[Black "PeshkaCh"]
[Result "0-1"]
[WhiteElo "2589"]
[BlackElo "2779"]
[TimeControl "180+1"]
[EndTime "9:13:36 PDT"]
[Termination "PeshkaCh won by resignation"]

1. Nf3 Nf6 2. b3 g6 3. Bb2 Bg7 4. g3 O-O 5. Bg2 d5 6. O-O c5 7.
e3 Nc6 8. d4 cxd4 9. exd4 Bf5 10. a3 Rc8 11. Nbd2 Ne4 12. Nxe4 dxe4 13. Ne5 Nxe5 14.
dxe5 Qxd1 15. Rfxd1 Rxc2 16. Bd4 b6 17. a4 Rd8 18. a5 bxa5 19. Rxa5 Rxd4 0-1

[Event "Early-Titled-Tuesday-Blitz-September-12-2023"]
[Site "Chess.com"]
[Date "2023.09.12"]
[Round "7"]
[White "Manukyan_Artak"]
[Black "HeinichessPY"]
[Result "1-0"]
[WhiteElo "2504"]
[BlackElo "2340"]
[TimeControl "180+1"]
[EndTime "9:13:37 PDT"]
[Termination "Manukyan_Artak won by resignation"]

1. e4 c5 2. Nf3 Nc6 3. c3 Nf6 4. e5 Nd5 5. d4 cxd4 6. cxd4 d6 7. Nc3 Nxc3 8. bxc3 dxe5 9. d5 Nb8 10. Nxe5 Bd7 11. Qf3 f6 12. Qh5+ g6 13. Nxg6 Bg4 14. Qxg4 hxg6 15. Qxg6+ Kd7 16. Bb5+ Kc7 17. Bf4+ e5 18. dxe6+ Bd6 19. Rd1 Bxf4 20. Rxd8 Rxd8 21. e7 Nc6 22. exd8=Q+ Rxd8 23.
Bxc6 Bd2+ 24. Ke2 bxc6 1-0

[Event "Early-Titled-Tuesday-Blitz-September-12-2023"]
[Site "Chess.com"]
[Date "2023.09.12"]
[Round "7"]
[White "RCone"]
[Black "guillembaches"]
[Result "0-1"]
[WhiteElo "2351"]
[BlackElo "2528"]
[TimeControl "180+1"]
[EndTime "9:14:14 PDT"]
[Termination "guillembaches won by resignation"]

1. e4 c5 2. Nc3 d6 3. f4 Nc6 4. Nf3 g6 5. Bb5 Bd7 6. d3 Bg7 7. O-O e6 8. Bxc6 Bxc6 9. f5 Nf6 10. fxe6 fxe6 11. e5 dxe5 12. Nxe5 Qd4+ 13. Kh1 Qxe5 14. Bf4 Qh5 15. Qd2 O-O-O 16. Rae1 Nd5 17. Rxe6 Nxf4 18.
Qxf4 Rhf8 19. Qc1 Bxg2+ 20. Kxg2 Qg4+ 21. Kh1 Qxe6 0-1

[Event "Early-Titled-Tuesday-Blitz-September-12-2023"]
[Site "Chess.com"]
[Date "2023.09.12"]
[Round "7"]
[White "Young_Catalan_Player09"]
[Black "Arek_pacitan"]
[Result "0-1"]
[WhiteElo "2456"]
[BlackElo "2609"]
[TimeControl "180+1"]
[EndTime "9:14:16 PDT"]
[Termination "Arek_pacitan won by resignation"]

1. Nf3 Nf6 2. g3 g6 3. b3 Bg7 4. Bb2 O-O 5. Bg2 c5 6. c4 Nc6 7. O-O d6 8. d4 cxd4 9. Nxd4 Bd7 10. Nc3 Rc8 11. Rc1 Nxd4 12. Qxd4 Bc6 13. Qd2 Bxg2 14.
Kxg2 a6 15. Rfd1 h5 16. Nd5 Nxd5 17. cxd5 Bxb2 18. Qxb2 Qa5 19. e4 Qb4 20. f3 Kh7 21. a3 Qb6 22. b4 Qe3 23. a4 h4 24. gxh4 Qf4 25. Qf2 Rxc1 0-1

[Event "Early-Titled-Tuesday-Blitz-September-12-2023"]
[Site "Chess.com"]
[Date "2023.09.12"]
[Round "7"]
[White "parintele_chess"]
[Black "Artem_Sadovsky"]
[Result "0-1"]
[WhiteElo "2263"]
[BlackElo "2540"]
[TimeControl "180+1"]
[EndTime "9:14:20 PDT"]
[Termination "Artem_Sadovsky won by resignation"]

1. d4 g6 2. e4 Bg7 3. Nc3 d6 4. f3 e5 5. d5 f5 6. Bb5+ c6 7. Bc4 Nf6 8. Bg5 b5 9. Bb3 b4 10. Na4 c5 11. Qe2 Ba6 12. Bc4 Qa5 13. Bxa6 Nxa6 14.
b3 O-O 15. Nb2 Nc7 16. Nc4 Qa6 17. Nh3 Nb5 18. Nxd6 Qxd6 19. Qxb5 fxe4 20. Bxf6 Qxf6 21. fxe4 Qh4+ 22. Kd1 Qxe4 23. Qc4 Qxg2 0-1

[Event "Early-Titled-Tuesday-Blitz-September-12-2023"]
[Site "Chess.com"]
[Date "2023.09.12"]
[Round "7"]
[White "temus_galaktionov"]
[Black "Oleksandr_Bortnyk"]
[Result "0-1"]
[WhiteElo "2820"]
[BlackElo "3013"]
[TimeControl "180+1"]
[EndTime "9:14:21 PDT"]
[Termination "Oleksandr_Bortnyk won by resignation"]

1. d4 d6 2. c4 e5 3. dxe5 dxe5 4. Qxd8+ Kxd8 5. Nc3 Be6 6. b3 c6 7. Bb2 f6 8.
O-O-O+ Kc7 9. e3 Nd7 10. Nf3 a5 11. Be2 Nh6 12. h3 Bb4 13. Kc2 Nc5 14. a3 Bf5+ 15. e4 Bxc3 16. exf5 Bxb2 17. Kxb2 Nxf5 18. g4 Nd6 19. b4 axb4 20. axb4 Nce4 21. Rhf1 Ra4 22. Kb3 Rha8 23. Rb1 Ra2 24. Rb2 R8a3+ 25. Kc2 Rc3+ 26.
Kb1 Rxb2+ 27. Kxb2 Nxc4+ 28. Bxc4 Rxc4 29. Nh4 Rxb4+ 30. Kc2 g6 31. f4 Rc4+ 32. Kd3 Rd4+ 33. Ke3 Nd2 34. fxe5 Nxf1+ 35. Kxd4 fxe5+ 36. Kxe5 Nd2 37. Kf6 b5 38. Kg7 b4 39. Ng2 b3 40. Kxh7 b2 41. Kxg6 b1=Q+ 42. Kh6 Qe4 43. Nh4 Nf3 44. Ng6 c5 45. g5 c4 46. Nf8 c3 47. g6 Qh4+ 48. Kg7 Qe7+ 49. Kg8 c2 50. g7 c1=Q 51. Ng6 Qf6 52.
Kh8 Qh6+ 0-1

[Event "Early-Titled-Tuesday-Blitz-September-12-2023"]
[Site "Chess.com"]
[Date "2023.09.12"]
[Round "7"]
[White "Rikikits"]
[Black "Beca95"]
[Result "0-1"]
[WhiteElo "2853"]
[BlackElo "2972"]
[TimeControl "180+1"]
[EndTime "9:14:24 PDT"]
[Termination "Beca95 won by resignation"]

1. d4 Nf6 2. Nf3 e6 3. Bg5 h6 4. Bxf6 Qxf6 5. e4 g5 6. Nc3 Nc6 7. Nb5 Qd8 8. d5 a6 9. dxc6 axb5 10. Qd4 Rg8 11. cxb7 Bxb7 12. Bxb5 Bg7 13. e5 Bxf3 14. gxf3 c6 15. Bf1 Qa5+ 16. c3 Bxe5 17. Qd3 Rb8 18.
O-O-O d5 19. a3 Ke7 20. Qc2 Rb6 21. a4 Ra8 22. b3 Bxc3 23. h4 Rab8 0-1

[Event "Early-Titled-Tuesday-Blitz-September-12-2023"]
[Site "Chess.com"]
[Date "2023.09.12"]
[Round "7"]
[White "Kapitan_Bayan"]
[Black "Casper"]
[Result "0-1"]
[WhiteElo "2209"]
[BlackElo "2440"]
[TimeControl "180+1"]
[EndTime "9:14:36 PDT"]
[Termination "Casper won by resignation"]

1. e4 c5 2. Nf3 d6 3. d4 Nf6 4. Nc3 cxd4 5. Nxd4 Nc6 6. Bg5 Bd7 7. Qd2 Rc8 8. O-O-O Nxd4 9. Qxd4 Qa5 10. f4 Rxc3 11. Qxc3 Qxc3 12. bxc3 Nxe4 13. c4 Nf2 14. Be2 Nxh1 15.
Rxh1 Bc6 16. Rg1 g6 17. Bd3 Bg7 18. g3 Bc3 19. Rf1 h6 20. Bh4 f5 21. Rf2 Kf7 22.
Re2 e5 23. fxe5 dxe5 24. Re3 e4 25. Bxe4 Bxe4 26. Rxc3 g5 0-1

[Event "Early-Titled-Tuesday-Blitz-September-12-2023"]
[Site "Chess.com"]
[Date "2023.09.12"]
[Round "7"]
[White "Apocalyps999"]
[Black "zano2023"]
[Result "0-1"]
[WhiteElo "2306"]
[BlackElo "2097"]
[TimeControl "180+1"]
[EndTime "9:14:43 PDT"]
[Termination "zano2023 won by checkmate"]

1. e4 e5 2. Nf3 d6 3. d4 f5 4.
dxe5 fxe4 5. Ng5 d5 6. e6 Nh6 7.
c4 Bb4+ 8. Bd2 e3 9. Bxb4 exf2+ 10. Kxf2 Qxg5 11. Qxd5 Ng4+ 12. Kg3 Ne5+ 13. Kf2 Nbc6 14. Be2 Nxb4 15. Qb5+ Nbc6 16. Nc3 O-O+ 17. Ke1 Bxe6 18. Nd5 Qxg2 19. Rf1 Rxf1+ 20. Bxf1 Nf3+ 21. Kd1 Qd2# 0-1

[Event "Early-Titled-Tuesday-Blitz-September-12-2023"]
[Site "Chess.com"]
[Date "2023.09.12"]
[Round "7"]
[White "Flaccidmoves"]
[Black "younix2022"]
[Result "1-0"]
[WhiteElo "2463"]
[BlackElo "2037"]
[TimeControl "180+1"]
[EndTime "9:14:52 PDT"]
[Termination "Flaccidmoves won by resignation"]

1. e4 c5 2. d4 cxd4 3. c3 dxc3 4. Nxc3 g6 5. Nf3 Bg7 6. Bc4 e6 7. Bg5 Ne7 8. O-O Nbc6 9. Nb5 O-O 10. Nd6 Bxb2 11.
Rb1 Bg7 12. Qe2 a6 13. Nxb7 Bxb7 14. Rxb7 Rb8 15. Rfb1 Rxb7 16. Rxb7 f6 17. Bf4 d5 18.
exd5 Nxd5 19. Qxe6+ Kh8 20. Bxd5 Re8 21. Qf7 Ne7 22.
Bb3 Nf5 23. Rb8 1-0

[Event "Early-Titled-Tuesday-Blitz-September-12-2023"]
[Site "Chess.com"]
[Date "2023.09.12"]
[Round "7"]
[White "abhidabhi"]
[Black "crazy_but_lazy"]
[Result "1-0"]
[WhiteElo "2882"]
[BlackElo "2634"]
[TimeControl "180+1"]
[EndTime "9:14:56 PDT"]
[Termination "abhidabhi won by resignation"]

1. c4 Nf6 2. Nc3 g6 3. g3 Bg7 4. d4 O-O 5. Bg2 d6 6. Nf3 Nbd7 7. O-O e5 8. e4 exd4 9. Nxd4 Re8 10. h3 Nc5 11.
Re1 Ne6 12. Be3 h6 13. Qd2 Kh7 14. Rad1 Nxd4 15. Bxd4 Be6 16. b3 Nd7 17. f4 Bxd4+ 18. Qxd4 Qf6 19. Qxf6 Nxf6 20. e5 dxe5 21. fxe5 Nh5 22.
Bxb7 Rab8 23. Bc6 Re7 24. Kg2 Rb6 25. Bf3 Ng7 26. g4 h5 27. Ne4 Rb8 28. Rd2 a5 29.
Red1 Ne8 30. Rd8 Rxd8 31. Rxd8 a4 32. Rxe8 1-0

[Event "Early-Titled-Tuesday-Blitz-September-12-2023"]
[Site "Chess.com"]
[Date "2023.09.12"]
[Round "7"]
[White "Gauravthegm"]
[Black "pankajfm"]
[Result "1-0"]
[WhiteElo "2413"]
[BlackElo "2109"]
[TimeControl "180+1"]
[EndTime "9:15:04 PDT"]
[Termination "Gauravthegm won by resignation"]

1. d4 Nf6 2. Nf3 g6 3. g3 Bg7 4. c4 O-O 5. Bg2 d6 6. Nc3 a6 7.
O-O Nc6 8. b3 Rb8 9. Bb2 b5 10.
cxb5 axb5 11. d5 Nb4 12. Nd4 e5 13. Ndxb5 Ba6 14. a4 Nfxd5 15. Nxd5 c6 16. Nxb4 cxb5 17. Nxa6 1-0

[Event "Early-Titled-Tuesday-Blitz-September-12-2023"]
[Site "Chess.com"]
[Date "2023.09.12"]
[Round "7"]
[White "YEIKO2017"]
[Black "Rurep26"]
[Result "1-0"]
[WhiteElo "2531"]
[BlackElo "2773"]
[TimeControl "180+1"]
[EndTime "9:15:06 PDT"]
[Termination "YEIKO2017 won by resignation"]

1. e4 e6 2. Nf3 d5 3. e5 c5 4.
b4 cxb4 5. d4 Nc6 6. a3 b3 7.
cxb3 Qb6 8. b4 Nge7 9. Bd3 Bd7 10. Be3 Nf5 11. O-O Nxe3 12. fxe3 Be7 13. Nc3 f6 14. Na4 Qd8 15. b5 Na5 16. exf6 Bxf6 17. Ne5 Ke7 18. Nc5 Bc8 19. Qh5 Qe8 20. Qg4 b6 21. Rxf6 gxf6 22. Qg7+ Kd6 23. Nf7+ Qxf7 24. Qxf7 bxc5 25.
dxc5+ Kxc5 26. Qc7+ 1-0

[Event "Early-Titled-Tuesday-Blitz-September-12-2023"]
[Site "Chess.com"]
[Date "2023.09.12"]
[Round "7"]
[White "kleinebeer98"]
[Black "MKlose11"]
[Result "1-0"]
[WhiteElo "2829"]
[BlackElo "2621"]
[TimeControl "180+1"]
[EndTime "9:15:09 PDT"]
[Termination "kleinebeer98 won by resignation"]

1. a4 e5 2. Ra3 d5 3. Rg3 Nf6 4. e3 Ne4 5. b3 Nxg3 6. hxg3 Be6 7. Bb2 f6 8. Bd3 e4 9. Bb5+ c6 10. Bf1 Nd7 11. Ne2 Qc7 12. Nbc3 Bb4 13. Nd4 Bf7 14.
Qg4 g6 15. Ne6 Qd6 16. Nf4 h5 17. Qd1 O-O-O 18. Qa1 Rhe8 19. Nfe2 f5 20. a5 Ne5 21. a6 b6 22. Nd4 Qe7 23. Qa4 Qd6 24. Ncb5 cxb5 25.
Nxb5 Qe7 26. Bxe5 Qxe5 27. Nxa7+ Kb8 28. Nc6+ Ka8 29. Nxe5 Rxe5 30. Qc6+ 1-0

[Event "Early-Titled-Tuesday-Blitz-September-12-2023"]
[Site "Chess.com"]
[Date "2023.09.12"]
[Round "7"]
[White "sqmorr"]
[Black "AleksandrAleksikov"]
[Result "0-1"]
[WhiteElo "2155"]
[BlackElo "2273"]
[TimeControl "180+1"]
[EndTime "9:15:09 PDT"]
[Termination "AleksandrAleksikov won by resignation"]

1. d4 Nf6 2. c4 g6 3. Nc3 Bg7 4. e4 d6 5. Nf3 O-O 6. Be2 e5 7. O-O Na6 8. Be3 Ng4 9. Bg5 f6 10.
Bc1 Kh8 11. Rb1 Nh6 12. b4 exd4 13. Nxd4 Nxb4 14. Rxb4 c5 15. Rb1 cxd4 16. Qxd4 f5 17. Qd3 fxe4 18. Nxe4 Nf5 19. Bb2 Qe7 20. Bxg7+ Qxg7 21. Rfe1 Be6 22. Nxd6 Rad8 23. c5 Nxd6 24. cxd6 Bf5 25.
Qd5 Bxb1 26. Rxb1 Qf6 27. d7 Qxf2+ 0-1

[Event "Early-Titled-Tuesday-Blitz-September-12-2023"]
[Site "Chess.com"]
[Date "2023.09.12"]
[Round "7"]
[White "1995Tiger"]
[Black "giomar27"]
[Result "1-0"]
[WhiteElo "2193"]
[BlackElo "2256"]
[TimeControl "180+1"]
[EndTime "9:15:22 PDT"]
[Termination "1995Tiger won by resignation"]

1. d4 Nf6 2. c4 c5 3. d5 b5 4.
cxb5 a6 5. e3 g6 6. Nc3 Bg7 7.
e4 O-O 8. a4 axb5 9. Bxb5 e6 10. dxe6 fxe6 11. Nf3 d5 12. Bg5 Qa5 13. exd5 Nxd5 14.
O-O Nxc3 15. bxc3 Qxc3 16. Rc1 Qa3 17. Be7 Bb7 18. Bxc5 Bxf3 19. Bxa3 Bxd1 20. Bxf8 1-0

[Event "Early-Titled-Tuesday-Blitz-September-12-2023"]
[Site "Chess.com"]
[Date "2023.09.12"]
[Round "7"]
[White "Chessdreamer2020"]
[Black "mmDarko"]
[Result "0-1"]
[WhiteElo "2522"]
[BlackElo "2272"]
[TimeControl "180+1"]
[EndTime "9:15:23 PDT"]
[Termination "mmDarko won by resignation"]

1. e4 e6 2. b3 d5 3. Bb2 c5 4.
exd5 exd5 5. Nf3 Nf6 6. Bb5+ Bd7 7. Bxd7+ Nbxd7 8. O-O Be7 9. d4 O-O 10. Nc3 Rc8 11. Re1 c4 12. Ne2 Ne4 13. c3 b5 14.
b4 a5 15. a3 Bd6 16. Ng3 f5 17. Qc2 a4 18. Bc1 Qf6 19. Nh5 Qf7 20. Nf4 Rce8 21. h4 g6 22. Ng5 Nxg5 23. Rxe8 Rxe8 24. hxg5 Re1+ 25. Kh2 Bxf4+ 26. Bxf4 Rxa1 27. Qe2 Rxa3 28. Qe3 Rb3 29. Qe1 a3 30. Qa1 Qe6 31. Be3 Qe4 32.
g3 Qb1 0-1

[Event "Early-Titled-Tuesday-Blitz-September-12-2023"]
[Site "Chess.com"]
[Date "2023.09.12"]
[Round "7"]
[White "Vuk2000"]
[Black "sergoy"]
[Result "0-1"]
[WhiteElo "2759"]
[BlackElo "2931"]
[TimeControl "180+1"]
[EndTime "9:15:29 PDT"]
[Termination "sergoy won by resignation"]

1. d4 Nf6 2. Bg5 c5 3. Bxf6 gxf6 4. d5 f5 5. c4 Bg7 6. Qc2 d6 7. e3 e6 8. Nc3 O-O 9. Be2 a6 10.
Nf3 e5 11. O-O Qf6 12. Nd2 f4 13. Bd3 Qh6 14. exf4 exf4 15. Nf3 Nd7 16. Ne4 Ne5 17.
Nxe5 Bxe5 18. Nd2 Bg4 19. Bf5 f3 20. h3 Bxf5 21. Qxf5 Qxd2 22. Qxf3 Qf4 0-1

[Event "Early-Titled-Tuesday-Blitz-September-12-2023"]
[Site "Chess.com"]
[Date "2023.09.12"]
[Round "7"]
[White "Srisshhhtea"]
[Black "lrestevez"]
[Result "1-0"]
[WhiteElo "2426"]
[BlackElo "2142"]
[TimeControl "180+1"]
[EndTime "9:15:31 PDT"]
[Termination "Srisshhhtea won by resignation"]

1. d4 Nf6 2. c4 e5 3. dxe5 Ng4 4. Bf4 g5 5. Bg3 Bg7 6. Nf3 Nc6 7. h4 Ngxe5 8.
Nxg5 h6 9. Ne4 Nxc4 10. Nbc3 d6 11. e3 N4e5 12. Be2 Bf5 13. h5 Bxe4 14. Nxe4 Qe7 15. Qb3 O-O-O 16. Nc3 Kb8 17. Bh4 f6 18. O-O-O Nf7 19. Kb1 Qd7 20. Ka1 Ka8 21. Nd5 Ng5 22.
Bb5 a6 23. Bxc6 Qxc6 24. Rc1 1-0

[Event "Early-Titled-Tuesday-Blitz-September-12-2023"]
[Site "Chess.com"]
[Date "2023.09.12"]
[Round "7"]
[White "Alphafischer2019"]
[Black "Raskolnikov6"]
[Result "1-0"]
[WhiteElo "2542"]
[BlackElo "2279"]
[TimeControl "180+1"]
[EndTime "9:15:35 PDT"]
[Termination "Alphafischer2019 won by resignation"]

1. d4 d5 2. Nc3 Nf6 3. Bf4 c6 4. e3 Bf5 5. f3 e6 6. g4 Bg6 7. h4 h5 8. g5 Nfd7 9. Bd3 Bb4 10. Bxg6 fxg6 11. Qd3 Kf7 12. Ne2 Re8 13. Bxb8 Qxb8 14. f4 c5 15. O-O c4 16. Qd1 b5 17.
Nb1 Bd6 18. Nd2 b4 19. Nf3 Kg8 20. c3 a5 21. Qc2 Nf8 22. Ne5 Bxe5 23. fxe5 Ra7 24.
Nf4 bxc3 25. bxc3 Rb7 26. Rab1 Ree7 27. Nxg6 Nxg6 28. Qxg6 Rxb1 29. Rxb1 Qf8 30. Rf1 Qb8 31. Qxh5 Qe8 32. g6 1-0

[Event "Early-Titled-Tuesday-Blitz-September-12-2023"]
[Site "Chess.com"]
[Date "2023.09.12"]
[Round "7"]
[White "HanSchut"]
[Black "ljuks68"]
[Result "1-0"]
[WhiteElo "2276"]
[BlackElo "2432"]
[TimeControl "180+1"]
[EndTime "9:15:44 PDT"]
[Termination "HanSchut won by resignation"]

1. e4 e6 2. d4 d5 3. e5 c5 4. c3 Nc6 5. Nf3 Qb6 6. Bd3 cxd4 7.
O-O Bd7 8. Re1 Nge7 9. h4 a6 10. h5 h6 11. Nbd2 dxc3 12. bxc3 f6 13. c4 d4 14. c5 Qxc5 15. Ne4 Qa7 16. Nd6+ Kd8 17. Nf7+ Kc7 18. Nxh8 fxe5 19. Ng6 Nxg6 20. Bxg6 Bd6 21. Qc2 Rf8 22. Nxe5 Bxe5 23. Rxe5 Kb8 24.
Re2 e5 25. Be4 Rc8 26. Rb1 1-0

[Event "Early-Titled-Tuesday-Blitz-September-12-2023"]
[Site "Chess.com"]
[Date "2023.09.12"]
[Round "7"]
[White "secretsuperstar7"]
[Black "tteshan"]
[Result "1-0"]
[WhiteElo "2429"]
[BlackElo "2548"]
[TimeControl "180+1"]
[EndTime "9:15:47 PDT"]
[Termination "secretsuperstar7 won by resignation"]

1. c4 c6 2. Nc3 Nf6 3. g3 d5 4.
cxd5 Nxd5 5. Bg2 e5 6. Nf3 f6 7. d4 Nxc3 8. bxc3 exd4 9. cxd4 Bb4+ 10. Bd2 Bxd2+ 11. Qxd2 O-O 12. O-O Be6 13. Rab1 Qe7 14. e4 Bf7 15. Rfe1 Rd8 16. d5 cxd5 17. exd5 Qd7 18.
Nh4 Na6 19. d6 Nc5 20. Qd4 Rac8 21. Rbd1 Re8 22. Bd5 Bxd5 23. Qxd5+ Kh8 24. Rxe8+ 1-0

[Event "Early-Titled-Tuesday-Blitz-September-12-2023"]
[Site "Chess.com"]
[Date "2023.09.12"]
[Round "7"]
[White "the_chess_child"]
[Black "Zampronha1971"]
[Result "1-0"]
[WhiteElo "2889"]
[BlackElo "2342"]
[TimeControl "180+1"]
[EndTime "9:15:49 PDT"]
[Termination "the_chess_child won by resignation"]

1. e4 c5 2. Nf3 e6 3. d3 d5 4. Qe2 Be7 5. g3 Nc6 6. Bg2 Nf6 7. O-O O-O 8. e5 Nd7 9. c4 Nb6 10. b3 a5 11. a4 Nb4 12. Rd1 Qc7 13. Nc3 Bd7 14. Bf4 Bc6 15. h4 Rad8 16. h5 Nc8 17.
h6 g6 18. Bh3 b6 19. Nb5 Bxb5 20. axb5 dxc4 21. dxc4 Rxd1+ 22. Rxd1 Rd8 23. Rxd8+ Qxd8 24. Qe4 Nd3 25. Be3 a4 26. bxa4 Nb2 27. Bf1 Nxa4 28. Qc2 1-0